 Dungeon Crawl Stone Soup version 0.27.0-1-g7a089689b8 (webtiles) character file.

Game seed: 12081827028096722746

15687 graki42 the Placeless Octopus (level 12, 23/66 HPs)
             Began as an Octopode Conjurer on Aug 2, 2021.
             Was a Priest of Sif Muna.
             Quit the game on level 12 of the Dungeon on Aug 12, 2021.
             The game lasted 00:57:26 (14060 turns).

graki42 the Placeless Octopus (Octopode Conjurer)  Turns: 14060, Time: 00:57:26

Health: 23/66      AC:  1    Str:  9    XL:     12   Next: 29%
Magic:  3/24       EV: 13    Int: 23    God:    Sif Muna [***...]
Gold:   1577       SH:  4    Dex: 10    Spells: 12/28 levels left

rFire    . . .     SeeInvis .   q - staff of conjuration
rCold    . . .     Faith    .   c - +0 buckler
rNeg     + . .     Spirit   .   (helmet restricted)
rPois    .         Reflect  .   (no amulet)
rElec    .         Harm     .   A - ring of flight
rCorr    .         Rampage  .   s - ring of Neiceakh {Wiz rN+}
Will     .....                  (no ring)
Stlth    +++.......             (no ring)
HPRegen  0.21/turn              (no ring)
MPRegen  0.19/turn              (no ring)
                                (no ring)
                                (no ring)

@: flying
A: almost no armour, amphibious, 8 rings, camouflage 1, gelatinous body 1,
(nimble swimmer 1), tentacles
a: Renounce Religion, Channel Magic, Forget Spell


You were on level 12 of the Dungeon.
You worshipped Sif Muna.
Sif Muna was most pleased with you.
You visited 3 branches of the dungeon, and saw 14 of its levels.

You collected 1577 gold pieces.

Inventory:

Hand Weapons
 a - a +0 vorpal short sword
Missiles
 z - 2 throwing nets
Armour
 c - a +0 buckler (worn)
Magical Staves
 j - a staff of poison
 q - a staff of conjuration (weapon)
 C - a staff of fire
Jewellery
 s - the ring of Neiceakh (right tentacle) {Wiz rN+}
   (You found it on level 10 of the Dungeon)

   [ring of wizardry]

   It improves your spell success rate.
   rN:        It protects you from negative energy.
 A - a ring of flight (left tentacle)
Wands
 o - a wand of digging (4)
 r - a wand of iceblast (7)
 u - a wand of mindburst (17)
Scrolls
 e - a scroll of vulnerability {unknown}
 h - 2 scrolls of teleportation
 i - a scroll of fog
 k - 5 scrolls of noise
 n - 3 scrolls of brand weapon
 t - a scroll of blinking
 x - 2 scrolls of magic mapping
 y - 2 scrolls of enchant weapon {unknown}
Potions
 b - 2 potions of might
 d - 2 potions of curing
 f - 5 potions of brilliance
 g - a potion of mutation
 l - 2 potions of haste
 w - a potion of resistance
 B - a potion of attraction


   Skills:
 - Level 2.0 Dodging
 - Level 3.0 Stealth
 - Level 4.0 Shields
 + Level 8.5 Spellcasting
 + Level 9.7 Conjurations
 + Level 8.4 Hexes
 + Level 1.0 Summonings
 - Level 10.0 Translocations
 + Level 8.0 Invocations


You had 12 spell levels left.
You knew the following spells:

 Your Spells              Type           Power      Damage    Failure   Level
a - Magic Dart            Conj           100%       1d8       1%          1
b - Searing Ray           Conj           100%       3d7       1%          2
c - Fulminant Prism       Conj/Hex       33%        3d16      1%          4
d - Iskenderun's Mystic   Conj/Tloc      70%        2d14      1%          4
e - Blink                 Tloc           N/A        N/A       1%          2
f - Summon Guardian Gole  Hex/Summ       31%        N/A       1%          3

Your spell library contained the following spells:

 Spells                   Type           Power      Damage    Failure   Level
 Apportation              Tloc           100%       N/A       1%          1
 Corona                   Hex            53%        N/A       1%          1
 Summon Small Mammal      Summ           56%        N/A       1%          1
 Dazzling Flash           Conj/Hex       100%       N/A       1%          3
 Lesser Beckoning         Tloc           27%        N/A       1%          3
 Passage of Golubria      Tloc           N/A        N/A       1%          4
 Manifold Assault         Tloc           54%        N/A       1%          5
 Animate Skeleton         Necr           18%        N/A       2%          1
 Call Canine Familiar     Summ           14%        N/A       5%          3
 Silence                  Hex/Air        14%        N/A       13%         5
 Lehudib's Crystal Spear  Conj/Erth      24%        10d7      100%        8


Dungeon Overview and Level Annotations

Branches:
Dungeon (12/15)            Temple (1/1) D:4            Lair (0/6) D:11
    Orc (1/2) D:10

Altars:
Ashenzari
Cheibriados
Dithmenos
Elyvilon
Fedhas
Gozag
Hepliaklqana
Kikubaaqudgha
Makhleb
Nemelex Xobeh
Okawaru
Qazlal
Ru
Sif Muna
Uskayaw
Vehumet
Wu Jian
Xom
Yredelemnul
Zin
The Shining One
Beogh

Shops:
D:7 [   D:11 *

Annotations:
D:4 1 runed translucent door, totalnoob's ghost, novice DjFE
D:8 Gastronok
Orc:1 3 runed translucent doors, Majeusaw's ghost, journeyman GrFi


Innate Abilities, Weirdness & Mutations

You cannot wear most types of armour.
You are amphibious.
You can wear up to eight rings at the same time.
Your skin changes colour to match your surroundings (Stealth+).
Your rubbery body absorbs attacks. (AC +1, EV +1)
((You are camouflaged near water. (Stealth+)))
You have tentacles for arms and can constrict up to eight enemies at once.


Message History

Something hits your guardian golem. Something hits your guardian golem.
Unknown command.
Something hits your guardian golem. Something hits your guardian golem!
Something hits your guardian golem.
Found a stone staircase leading up.
Something hits your guardian golem.
Something hits your guardian golem but does no damage.
Something barely misses your guardian golem.
Something hits your guardian golem but does no damage. x2
Something hits your guardian golem but does no damage. x2
Something hits your guardian golem but does no damage.
There is a stone staircase leading up here.
Something hits your guardian golem.
You fly upwards.
Your summoned ally is left behind.
Reactivating autopickup.
There is a stone staircase leading down here.
You fly downwards.
Your guardian golem disappears in a puff of smoke!
Something hits you!
Deactivating autopickup; reactivate with Ctrl-A.
Something barely misses you.
There is a stone staircase leading up here.
Casting: Searing Ray (safe; 1% risk of failure)
Confirm with . or Enter, or press ? or * to list all spells.
You can't see any susceptible monsters within range! (Use Z to cast anyway.) Unknown command.
Casting: Searing Ray (safe; 1% risk of failure)
Confirm with . or Enter, or press ? or * to list all spells.
You can't see any susceptible monsters within range! (Use Z to cast anyway.) Unknown command.
Casting: Searing Ray (safe; 1% risk of failure)
Confirm with . or Enter, or press ? or * to list all spells.
You feel a surge of power!
You erupt in a blast of force!
The mystic blast hits something!
Unknown command.
Casting: Iskenderun's Mystic Blast (safe; 1% risk of failure)
Confirm with . or Enter, or press ? or * to list all spells.
You don't have enough magic to cast this spell.
Are you sure you want to abandon this character and quit the game? (Confirm with "yes".)

#..##########
#.<.........#
#..########.#
#..# #.# +..#
#.# #.## #.#
# #.
#######.###.#
#.
............#
#.
#......@...##
##.####{##.#
# #.# .# ...
# ###


There were no monsters in sight!

Vanquished Creatures
  Snorg (Orc:1)
  Harold (D:7)
  A two-headed ogre (D:9)
  The ghost of tilp the Geomancer, a novice GrEE of Nemelex Xobeh (D:9)
  Maggie (D:7)
  A troll (D:10)
  Prince Ribbit (D:5)
  A hornet (D:9)
  A shadow (D:10)
  3 wyverns
  2 wraiths (D:11)
  8 yaks
  7 vampire mosquitoes (D:11)
  Edmund (D:6)
  5 orc warriors
  2 ice beasts (D:7)
  A black bear (D:11)
  A necrophage (D:5)
  5 ogres
  5 centaurs
  2 lemures (D:7)
  A kobold brigand (D:9)
  A phantom (D:6)
  Blork the orc (D:5)
  2 bullfrogs
  6 scorpions
  2 killer bees (D:8)
  13 wights
  An electric eel (D:8)
  10 howler monkeys
  2 jellies (D:5)
  A centaur skeleton (D:7)
  2 centaur zombies
  8 orc priests
  A bullfrog skeleton (D:6)
  2 hounds
  Ijyb (D:3)
  Natasha (thrice) (D:3)
  A gnoll shaman (D:8)
  2 iguanas
  6 orc wizards
  A killer bee zombie (D:7)
  A hound zombie (D:5)
  A hound skeleton (D:5)
  Robin (D:4)
  7 gnolls
  9 adders
  A river rat (D:4)
  An adder zombie (D:3)
  3 worms
  3 dart slugs
  16 orcs
  5 endoplasms
  4 giant cockroaches
  14 goblins
  11 hobgoblins
  9 jackals
  4 quokkas
  9 ball pythons
  A ball python zombie (D:3)
  5 bats
  3 frilled lizards
  18 kobolds
  7 rats
251 creatures vanquished.

Vanquished Creatures (collateral kills)
  4 killer bees (D:8)
  2 orcs (D:8)
6 creatures vanquished.

Vanquished Creatures (others)
  27 fulminant prisms
  18 fungi (D:11)
  14 plants (D:11)
59 creatures vanquished.

Grand Total: 316 creatures vanquished

Notes
Turn   | Place    | Note
-------+----------+-------------------------------------------
     0 | D:1      | graki42 the Octopode Conjurer began the quest for the Orb.
     0 | D:1      | Reached XP level 1. HP: 11/11 MP: 3/3
   200 | D:1      | Reached XP level 2. HP: 17/17 MP: 0/5
   203 | D:1      | Learned a level 2 spell: Searing Ray
   718 | D:1      | Reached XP level 3. HP: 21/21 MP: 4/6
   775 | D:1      | Reached skill level 1 in Shields
  1285 | D:2      | Found a faded altar of an unknown god.
  1886 | D:2      | Reached XP level 4. HP: 19/27 MP: 0/8
  1891 | D:2      | Learned a level 4 spell: Fulminant Prism
  2270 | D:3      | Noticed Natasha
  2274 | D:3      | Killed Natasha
  2443 | D:3      | Noticed Natasha
  2447 | D:3      | Killed Natasha
  2448 | D:3      | Reached skill level 1 in Hexes
  2448 | D:3      | Reached XP level 5. HP: 31/31 MP: 2/9
  2586 | D:3      | Noticed Ijyb
  2597 | D:3      | Killed Ijyb
  2789 | D:3      | Found a basalt altar of Yredelemnul.
  2896 | D:3      | Reached skill level 5 in Conjurations
  2933 | D:3      | Noticed Natasha
  2940 | D:3      | Killed Natasha
  3438 | D:3      | Reached XP level 6. HP: 36/36 MP: 7/11
  4016 | D:4      | Found a staircase to the Ecumenical Temple.
  4026 | Temple   | Entered the Ecumenical Temple
  4353 | Temple   | Became a worshipper of Sif Muna the Loreminder
  4403 | D:4      | Found a runed translucent door.
  4406 | D:4      | Noticed totalnoob's ghost (novice DjFE)
  4433 | D:4      | Found a runed translucent door.
  4903 | D:4      | Noticed Robin
  4906 | D:4      | Killed Robin
  4917 | D:4      | Reached XP level 7. HP: 41/41 MP: 4/12
  5132 | D:5      | Entered Level 5 of the Dungeon
  5410 | D:5      | Noticed Prince Ribbit
  5419 | D:5      | Killed Prince Ribbit
  5420 | D:5      | Reached XP level 8. HP: 40/46 MP: 4/15
  5567 | D:5      | Identified the +2 leather armour of Honour {Harm Rampage
                  | +Inv rCorr Str-5}
  5640 | D:5      | Noticed Blork the orc
  5645 | D:5      | Killed Blork the orc
  5646 | D:5      | Reached skill level 5 in Spellcasting
  5722 | D:5      | Reached skill level 1 in Invocations
  5729 | D:5      | Learned a level 4 spell: Iskenderun's Mystic Blast
  6231 | D:6      | Found an ancient bone altar of Kikubaaqudgha.
  6241 | D:6      | Reached * piety under Sif Muna
  6352 | D:6      | Noticed a wyvern
  6359 | D:6      | Killed a wyvern
  6471 | D:6      | Reached skill level 5 in Hexes
  6471 | D:6      | Reached XP level 9. HP: 27/51 MP: 11/17
  6690 | D:6      | Identified a scroll of acquirement
  6691 | D:6      | Acquired a staff of conjuration
  7156 | D:6      | Noticed Edmund
  7162 | D:6      | Killed Edmund
  7257 | D:6      | Found a radiant altar of Vehumet.
  7994 | D:7      | Noticed Harold
  8003 | D:7      | Killed Harold
  8004 | D:7      | Reached skill level 5 in Invocations
  8009 | D:7      | Noticed Maggie
  8188 | D:7      | Killed Maggie
  8189 | D:7      | Reached XP level 10. HP: 56/56 MP: 6/20
  8461 | D:7      | Found Penlyi's Antique Armour Shop.
  8992 | D:8      | Noticed Gastronok
  9434 | D:8      | Found a sparkling altar of Nemelex Xobeh.
  9659 | D:8      | Reached ** piety under Sif Muna
  9955 | D:8      | Reached skill level 9 in Translocations
  9955 | D:8      | Reached XP level 11. HP: 61/61 MP: 22/22
 10675 | D:9      | Learned a level 2 spell: Blink
 10716 | D:9      | Acquired 945 gold pieces
 10762 | D:9      | Found a runed translucent gate.
 10763 | D:9      | Found a runed translucent gate.
 10764 | D:9      | Found a runed translucent gate.
 10766 | D:9      | Noticed tilp's ghost (novice GrEE)
 10775 | D:9      | Killed tilp's ghost
 10991 | D:9      | Noticed a two-headed ogre
 11007 | D:9      | Killed a two-headed ogre
 11175 | D:9      | Found a glowing golden altar of the Shining One.
 11604 | D:10     | Entered Level 10 of the Dungeon
 11604 | D:10     | Found a staircase to the Orcish Mines.
 11850 | D:10     | Identified the ring of Neiceakh {Wiz rN+}
 12234 | D:10     | Reached XP level 12. HP: 66/66 MP: 19/24
 12347 | D:10     | Reached *** piety under Sif Muna
 12589 | Orc:1    | Entered Level 1 of the Orcish Mines
 12589 | Orc:1    | Noticed a merfolk impaler
 12600 | Orc:1    | Found a runed translucent gate.
 12600 | Orc:1    | Found a runed translucent gate.
 12600 | Orc:1    | Found a runed translucent gate.
 12605 | Orc:1    | Noticed Majeusaw's ghost (journeyman GrFi)
 12606 | Orc:1    | Noticed a naga warrior
 12607 | Orc:1    | Found an iron altar of Okawaru.
 12625 | Orc:1    | Noticed Snorg
 12767 | D:11     | Found Ubra's General Store.
 12889 | Orc:1    | Killed Snorg
 12890 | Orc:1    | Reached skill level 10 in Translocations
 13261 | D:11     | Learned a level 3 spell: Summon Guardian Golem
 13509 | D:11     | Found a staircase to the Lair.
 14001 | D:11     | Reached skill level 1 in Summonings
 14060 | D:12     | Quit the game

Illustrated notes

Levels and vault maps discovered:
D:1:      minmay_arrival_arboretum_small, layout_loops_ring,
          hangedman_glass_teeth, minmay_misc_feat_tiny
D:2:      layout_basic, hellmonk_ecumenical_altar_crossroads
D:3:      layout_rooms, lemuel_zombie_altar_yredelemnul, uniq_natasha, uniq_ijyb
D:4:      layout_rooms, minmay_temple_entry_sparse_star, ebering_ghost_sewer_f,
          uniq_robin
D:5:      layout_loops_ring, uniq_blork_the_orc, uniq_prince_ribbit1
D:6:      layout_loops_cross, mainiacjoe_overflow_cross_hatched,
          mainiacjoe_overflow_alcove_1, hangedman_abyss_or_decor_lesser_grid,
          uniq_edmund
D:7:      layout_basic, serial_shops, shop_fountains,
          kennysheep_generic_room_16, uniq_maggie, uniq_harold, uniq_pikel
D:8:      layout_basic, mainiacjoe_overflow_catwalk, trog_hazing_becter,
          fountainhead, chequers_garden, dk_noncrumbling_4,
          chequers_serial_rivers_micro_b, minmay_misc_feat_four_crosses,
          uniq_gastronok
D:9:      layout_basic, tso_metal_star, ebering_ghost_rock_garden
D:10:     layout_long_grid, minmay_orc_entry_temple_small
D:11:     layout_loops_cross, grunt_lair_entry_orc_guard_hut, serial_shops,
          shop, zin_treasury, uniq_josephine, uniq_fannar
D:12:     layout_loops_ring, gammafunk_ghost_necromancy, serial_shops,
          kennysheep_little_box, special_room [special_room_bee],
          minmay_quadrilaterals
Temple:   eino_temple_rhombus
Orc:1:    layout_caves, gammafunk_ghost_fury_of_okawaru, basic_altar,
          minmay_orc_temple_c, uniq_snorg

Skill      XL: |  1  2  3  4  5  6  7  8  9 10 11 12 |
---------------+-------------------------------------+-----
Stealth        | 3 |  3.0
Shields        | 1 2 3 4 |  4.0
Spellcasting   | 3 4 5 7 8 |  8.5
Hexes          | 1 2 3 5 6 7 8 |  8.4
Conjurations   | 5 6 7 8 9 |  9.7
Invocations    | 3 5 6 7 8 |  8.0
Translocations | 9 10 | 10.0
Summonings     | 1 |  1.0
Dodging        | |  2.0

Action                   |  1- 3 |  4- 6 |  7- 9 | 10-12 || total
-------------------------+-------+-------+-------+-------++-------
Melee: Short sword       |    22 |     9 |     9 |       ||    40
       Unarmed           |     2 |       |       |       ||     2
       Constrict         |     3 |     1 |     2 |     1 ||     7
       Tentacles         |       |     1 |     2 |       ||     3
       Staff             |       |       |     4 |     2 ||     6
 Cast: Magic Dart        |    55 |    54 |    25 |    16 ||   150
       Searing Ray       |     4 |    32 |    43 |    80 ||   159
       Fulminant Prism   |       |     2 |    11 |    14 ||    27
       Iskenderun's Myst |       |       |       |    22 ||    22
       Summon Guardian G |       |       |       |     8 ||     8
       Blink             |       |       |       |     2 ||     2
  Use: Scroll            |       |     7 |     5 |    10 ||    22
       Potion            |       |       |     1 |     5 ||     6
 Stab: Sleeping          |     1 |       |       |       ||     1
Armor: Skin              |     2 |       |     4 |    20 ||    26
Dodge: Dodged            |    24 |    13 |    21 |    55 ||   113
Block: Buckler           |       |       |     5 |    21 ||    26
